 Dungeon Crawl Stone Soup version 0.19.5 (webtiles) character file.

475 Kullungy the Shield-Bearer (level 7, -2/55 HPs)
             Began as a Formicid Fighter on Mar 10, 2017.
             Slain by an ogre
             ... wielding a +0 giant club
              (22 damage)
             ... on level 4 of the Dungeon.
             The game lasted 00:19:45 (3562 turns).

Kullungy the Shield-Bearer (Formicid Fighter)       Turns: 3562, Time: 00:19:46

Health: -2/55      AC: 14    Str: 23    XL:     7   Next: 32%
Magic:  7/7        EV:  7    Int:  7    God:
Gold:   133        SH: 10    Dex: 10    Spells: 0 memorised, 6 levels left

rFire  . . .     SeeInvis +     m - +1 dagger (speed)
rCold  + . .     Gourm    .     K - +0 chain mail
rNeg   . . .     Faith    .     c - +0 shield
rPois  .         Spirit   .     (helmet unavailable)
rElec  .         Reflect  .     f - +0 cloak (curse)
rCorr  .         Harm     .     x - +2 pair of gloves
MR     .....                    (no boots)
Stlth  ..........               (no amulet)
                                (no ring)
                                B - ring of protection from cold

@: no status effects
A: permanent stasis, dig shafts and tunnels, four strong arms, antennae 3
a: Dig, Shaft Self


You were on level 4 of the Dungeon.
You were not hungry.

You visited 1 branch of the dungeon, and saw 4 of its levels.

You collected 133 gold pieces.

Inventory:

Hand Weapons
 a - a +0 war axe
 d - a +4 quarterstaff of chaos
 l - a +0 hunting sling
 m - a +1 dagger of speed (weapon)
 q - a +0 spear
 s - a +0 whip
 v - a +0 hunting sling
 w - a +0 short sword
 z - a +0 mace
 A - a +0 spear
 G - a +0 mace
 H - a +0 flail
 N - a +0 flail
 P - a +0 spear
 Q - a +0 halberd
Missiles
 g - 8 tomahawks
 i - 141 stones
 o - 19 bolts
 p - 20 poisoned needles
 t - 37 sling bullets
 E - 6 javelins (quivered)
Armour
 b - a +0 scale mail
 c - a +0 shield (worn)
 e - a +1 helmet
 f - a cursed +0 cloak (worn)
 h - a +0 ring mail
 x - a +2 pair of gloves (worn)
 J - a +0 scale mail
 K - a +0 chain mail (worn)
 M - a +0 troll leather armour {Purgy}
 O - a +2 robe of positive energy
Jewellery
 y - an uncursed ring of teleportation
 B - a ring of protection from cold (left hand)
Scrolls
 j - 2 scrolls of magic mapping
 n - a scroll of enchant armour {unknown}
 C - a scroll of immolation {unknown}
 L - a scroll of remove curse
 R - a scroll of noise {unknown}
Potions
 k - a potion of curing {unknown}
 r - 2 potions of berserk rage
 u - 2 potions of heal wounds {unknown}
 D - 4 potions of flight
 F - a potion of cure mutation {unknown}
Comestibles
 I - a slice of pizza


   Skills:
 + Level 4.3 Fighting
 + Level 3.3 Short Blades
 + Level 2.4 Axes
 + Level 4.9 Armour
 + Level 1.5 Dodging
 + Level 0.3 Stealth
 + Level 5.4 Shields
 + Level 0.6 Unarmed Combat


You had 6 spell levels left.
You didn't know any spells.

Dungeon Overview and Level Annotations

Branches:
Dungeon (4/15)
 Temple: D:4-7

Altars:
Sif Muna


Innate Abilities, Weirdness & Mutations

You are under a permanent stasis effect.
You can dig through walls and to a lower floor.
Your four strong arms can wield two-handed weapons with a shield.
You have a pair of large antennae on your head. (SInv)


Message History

The ogre is moderately wounded.
You hit the ogre.
The ogre is moderately wounded.
You block the ogre's attack.
You hit the ogre.
The ogre is heavily wounded.
You hit the ogre but do no damage.
The ogre is heavily wounded.
The ogre hits you but does no damage.
You hit the ogre but do no damage.
The ogre is heavily wounded.
You hit the ogre.
The ogre is heavily wounded.
You block the ogre's attack.
You barely miss the ogre.
The ogre is heavily wounded.
You puncture the ogre!
The ogre is severely wounded.
The ogre hits you with a giant club!!
You die...

########## # #........# #
#........# ####
####.##########........# #...
...........)@..........###.##
...........O)................
......##.#..###..........#.#.
####.# #.#......#....<.†)..#.
#{ #.#.#....#.####†..#### #
....#......#..........
#####..#####.##)..#### ....
.. #...# ## #...#


You could see an ogre.

Vanquished Creatures
  Purgy (D:3)
  A hound (D:3)
  Crazy Yiuf (D:2)
  An orc wizard (D:4)
  Jessica (D:3)
  Natasha (thrice) (D:2)
  7 gnolls
  3 adders (D:3)
  An ooze (D:3)
  4 worms
  3 dart slugs
  2 leopard geckos
  8 orcs
  A bat (D:1)
  3 giant cockroaches
  6 goblins
  4 hobgoblins
  11 jackals
  8 kobolds
  A quokka (D:2)
  6 frilled lizards
  5 rats
81 creatures vanquished.

Notes
Turn   | Place    | Note
-------+----------+-------------------------------------------
     0 | D:1      | Kullungy the Formicid Fighter began the quest for the Orb.
     0 | D:1      | Reached XP level 1. HP: 18/18 MP: 1/1
    28 | D:1      | Reached XP level 2. HP: 10/24 MP: 2/2
   750 | D:1      | Reached XP level 3. HP: 29/29 MP: 3/3
  1231 | D:2      | Noticed Natasha
  1265 | D:2      | Killed Natasha
  1265 | D:2      | Reached skill level 4 in Shields
  1265 | D:2      | Reached XP level 4. HP: 34/37 MP: 4/4
  1276 | D:2      | Noticed Natasha
  1293 | D:2      | Killed Natasha
  1293 | D:2      | Reached skill level 1 in Short Blades
  1606 | D:2      | Reached XP level 5. HP: 36/42 MP: 5/5
  1630 | D:2      | Found a runed door.
  1634 | D:2      | Noticed Crazy Yiuf
  1640 | D:2      | Killed Crazy Yiuf
  1703 | D:2      | Reached skill level 1 in Dodging
  1883 | D:2      | Noticed Natasha
  1897 | D:2      | Killed Natasha
  2245 | D:3      | Reached XP level 6. HP: 48/48 MP: 6/6
  2496 | D:3      | Noticed Purgy
  2505 | D:3      | Noticed Jessica
  2585 | D:3      | Killed Jessica
  2613 | D:3      | Killed Purgy
  2613 | D:3      | Reached skill level 5 in Shields
  2838 | D:3      | Found a deep blue altar of Sif Muna.
  3139 | D:3      | Reached XP level 7. HP: 41/54 MP: 7/7
  3562 | D:4      | Slain by an ogre

Skill      XL: |  1  2  3  4  5  6 |
---------------+-------------------+-----
Shields        | 4 5 |  5.4
Short Blades   | 1 2 3 |  3.3
Armour         | 4 |  4.9
Dodging        | 1 |  1.5
Fighting       | 4 |  4.3
Axes           | |  2.4
Stealth        | |  0.3
Unarmed Combat | |  0.6

Action                   |  1- 3 |  4- 6 |  7- 9 || total
-------------------------+-------+-------+-------++-------
Melee: War axe           |    27 |       |       ||    27
       Dagger            |    65 |   377 |   136 ||   578
       Unarmed           |       |     4 |       ||     4
  Use: Scroll            |     2 |     4 |       ||     6
       Potion            |       |     1 |       ||     1
  Eat: Bread ration      |     1 |     1 |       ||     2
       Pizza             |       |       |     1 ||     1
Armor: Scale mail        |    33 |    44 |       ||    77
       Chain mail        |       |    98 |    33 ||   131
       Troll leather arm |       |    13 |     1 ||    14
Dodge: Dodged            |    21 |   113 |    15 ||   149
Block: Shield            |    37 |   166 |    59 ||   262
